AoeStats
← 冥想控

Arabia

510167443Analyzed
1v1 RM · 3d ago on Sep 29, 2026· 29m 33s· 2 players
Game mode
Random Map
Map size
Tiny (2 player)
Population
200
Speed
Normal
Resources
Standard
Victory
Conquest
Starting age
Dark Age
Ending age
Imperial Age
RankedLock teamsTeams togetherTeam positionsShared explorationLock speedFull tech treeHidden civsTurbo modeCheats
Victory
Defeat
🇨🇳 Inca · China
2040
+13
🇵🇱 Dravidians · Poland
1978
-13
ELEOS | wosm
6:01 Loom
9:00 Feudal Age
9:00 Man-at-Arms
13:25 Double-Bit Axe
15:18 Town Watch
20:09 Castle Age
19:01 Fletching
20:11 Crossbowman
20:46 Bodkin Arrow
20:55 Padded Archer Armor
20:54 Bodkin Arrow
23:27 Bow Saw
27:18 Ballistics
冥想控
6:22 Loom
9:00 Feudal Age
9:04 Champi Runner
11:54 Double-Bit Axe
12:27 Horse Collar
17:47 Town Watch
19:12 Scale Mail Armor
21:13 Castle Age
20:41 Forging
21:21 Champi Warrior
22:21 Chain Mail Armor
23:30 Squires
23:15 Arson
Connection lost

Rejoining the realm…

Still unreachable

The connection could not be restored.

Session expired

The server has moved on; the page needs a fresh start.